 Dungeon Crawl Stone Soup version 0.29.1-1-gd02db6906a (webtiles) character file.

Game seed: 9944928212953878862

555 EvilAshe the Ruffian (level 7, -8/66 HPs)
             Began as a Troll Abyssal Knight on Sept 17, 2022.
             Was a Priest of Lugonu.
             Mangled by an orc warrior
             ... wielding a +1 halberd of flaming
              (14 damage)
             ... on level 6 of the Dungeon.
             The game lasted 00:10:19 (4840 turns).

EvilAshe the Ruffian (Troll Abyssal Knight)         Turns: 4840, Time: 00:10:19

Health: -8/66      AC:  6    Str: 24    XL:     7   Next: 8%
Magic:  0/18       EV: 10    Int:  6    God:    Lugonu [***...]
Gold:   142        SH:  0    Dex: 10    Spells: 6/6 levels left

rFire   . . .      SeeInvis .     - Unarmed
rCold   . . .      Faith    .   (no shield)
rNeg    . . .      Spirit   +   a - +0 robe
rPois   .          Reflect  .   (helmet restricted)
rElec   .          Harm     .   l - +1 cloak
rCorr   .          Rampage  .   (gloves unavailable)
Will    .....                   (boots unavailable)
Stlth   +.........              t - amulet of guardian spirit
HPRegen 1.01/turn               f - ring of magical power
MPRegen 0.16/turn               (no ring)

@: no status effects
A: large, unfitting armour, claws 3, regeneration 1, shaggy fur 1, tough skin 1
a: Renounce Religion, Depart the Abyss, Bend Space, Banish


You were on level 6 of the Dungeon.
You worshipped Lugonu.
Lugonu was most pleased with you.
You visited 1 branch of the dungeon, and saw 6 of its levels.
You visited the Abyss 1 time.

You collected 232 gold pieces.
You spent 90 gold pieces at shops.

Inventory:

Hand Weapons
 b - a +3 longbow of flaming
Missiles
 e - 15 poisoned darts
 m - 28 stones
 y - 5 boomerangs (quivered)
Armour
 a - a +0 robe (worn)
 l - a +1 cloak (worn)
Jewellery
 f - a ring of magical power (left claw)
 t - an amulet of guardian spirit (around neck)
Wands
 r - a wand of flame (20)
 s - a wand of mindburst (32)
Scrolls
 d - 2 scrolls of poison
 g - 2 scrolls of enchant armour
 k - 5 scrolls of teleportation
 o - a scroll of torment {unknown}
 p - a scroll of magic mapping {unknown}
 v - a scroll of noise {unknown}
 x - a scroll of enchant weapon
Potions
 c - 2 potions of curing
 h - a potion of mutation {unknown}
 j - a potion of flight {unknown}
 n - a potion of lignification {unknown}
 q - a potion of haste {unknown}
 u - a potion of degeneration {unknown}
 w - 3 potions of brilliance


   Skills:
 - Level 2.4 Fighting
 - Level 1.9 Dodging
 * Level 6.5 Unarmed Combat
 + Level 4.1 Invocations


You had 6 spell levels left.
You didn't know any spells.
Your spell library contained the following spells:

 Spells                   Type           Power      Damage    Failure   Level
 Ensorcelled Hibernation  Hex/Ice        0%         N/A       58%         2
 Passwall                 Tmut/Erth      0%         N/A       58%         2
 Swiftness                Air            0%         N/A       83%         3


Dungeon Overview and Level Annotations

Branches:
Dungeon (6/15)             Temple (0/1) D:4

Altars:
Ashenzari
Cheibriados
Elyvilon
Fedhas
Makhleb

Shops:
D:6 ?


Innate Abilities, Weirdness & Mutations

You are too large for most types of armour.
You have claws for hands.
Your natural rate of healing is unusually fast.
You are covered in fur. (AC +1)
You have tough skin. (AC +1)


Message History

Lugonu accepts your kill.
The orc warrior unwields a +0 arbalest.
The orc warrior wields a +1 halberd of flaming.
It bursts into flame!
The orc warrior hits you with a +1 halberd of flaming!
The orc warrior burns you!
Press: ? - help, Shift-Dir - straight line, f - orc warrior
Aim: an orc warrior, wielding a +1 halberd of flaming and wearing a +0 plate armour (lightly wounded, chance to affect: 81%)
The orc warrior barely resists.
The orc warrior misses you.
Press: ? - help, Shift-Dir - straight line, f/p - orc warrior
Aim: an orc warrior, wielding a +1 halberd of flaming and wearing a +0 plate armour (lightly wounded, chance to affect: 81%)
You fail to use your ability.
The orc warrior hits you with a +1 halberd of flaming!
The orc warrior burns you.
Press: ? - help, Shift-Dir - straight line, f/p - orc warrior
Aim: an orc warrior, wielding a +1 halberd of flaming and wearing a +0 plate armour (lightly wounded, chance to affect: 81%)
You fail to use your ability.
The orc warrior barely misses you.
Press: ? - help, Shift-Dir - straight line, f/p - orc warrior
Aim: an orc warrior, wielding a +1 halberd of flaming and wearing a +0 plate armour (lightly wounded, chance to affect: 81%)
You fail to use your ability.
The orc warrior hits you with a +1 halberd of flaming!
The orc warrior burns you.
Press: ? - help, Shift-Dir - straight line, f/p - orc warrior
Aim: an orc warrior, wielding a +1 halberd of flaming and wearing a +0 plate armour (lightly wounded, chance to affect: 81%)
You fail to use your ability.
The orc warrior hits you with a +1 halberd of flaming.
The orc warrior burns you.
You scratch the orc warrior.
The orc warrior is moderately wounded.
The orc warrior hits you with a +1 halberd of flaming!
* * * LOW HITPOINT WARNING * * *
The orc warrior burns you.
* * * LOW HITPOINT WARNING * * *
You closely miss the orc warrior. Your claw misses the orc warrior.
The orc warrior is moderately wounded.
The orc warrior barely misses you.
You scratch the orc warrior.
The orc warrior is moderately wounded.
The orc warrior hits you with a +1 halberd of flaming!
You die...

...##.>..# # .#.......#
#######.# ... #....###
#...<...#
##.##..............####
#........#######o).#
#.........######@..# .
#....##...#..)...# .
#...........##...#
###.#...####.#######
#...#...####.#
#.###......#.##
..##...###.#...##
.###.#.###..##..###
.....#......###...#


You could see an orc warrior.

Vanquished Creatures
  Menkaure (D:5)
  A scorpion (D:4)
  A howler monkey (D:4)
  4 hounds
  An iguana (D:5)
  An orc wizard (D:6)
  6 adders
  A white imp (D:6)
  A worm (D:2)
  4 dart slugs
  20 orcs
  4 endoplasms
  4 giant cockroaches
  4 hobgoblins
  2 jackals (D:5)
  6 kobolds
  3 quokkas
  4 ball pythons
  2 bats
  5 frilled lizards
  5 goblins
  3 rats
83 creatures vanquished.

Notes
Turn   | Place    | Note
-------+----------+-------------------------------------------
     0 | Abyss:1  | EvilAshe the Troll Abyssal Knight began the quest for the
                  | Orb.
     0 | Abyss:1  | Reached XP level 1. HP: 22/22 MP: 1/1
     1 | D:1      | Escaped the Abyss
   259 | D:1      | Reached XP level 2. HP: 29/29 MP: 2/2
   945 | D:2      | Reached skill level 3 in Unarmed Combat
   981 | D:2      | Found a faded altar of an unknown god.
  1061 | D:2      | Reached XP level 3. HP: 36/36 MP: 3/3
  1536 | D:3      | Reached *** piety under Lugonu
  1590 | D:3      | Found a snail-covered altar of Cheibriados.
  1816 | D:3      | Reached XP level 4. HP: 44/44 MP: 4/4
  2443 | D:4      | Reached skill level 4 in Unarmed Combat
  2445 | D:4      | Found a burning altar of Makhleb.
  2501 | D:4      | Found a white marble altar of Elyvilon.
  2536 | D:5      | Entered Level 5 of the Dungeon
  2536 | D:5      | Found a blossoming altar of Fedhas.
  2590 | D:4      | Reached XP level 5. HP: 44/50 MP: 6/6
  2763 | D:4      | Reached skill level 5 in Unarmed Combat
  2811 | D:4      | Found a broken altar of Ashenzari.
  2911 | D:4      | Reached XP level 6. HP: 49/59 MP: 7/7
  3041 | D:4      | Found a staircase to the Ecumenical Temple.
  3361 | D:5      | Noticed a two-headed ogre
  3578 | D:6      | Noticed an orc warrior
  3754 | D:6      | Found Nixzi's Magic Scroll Emporium.
  4297 | D:6      | Noticed Menkaure
  4420 | D:5      | Killed Menkaure
  4421 | D:5      | Reached skill level 6 in Unarmed Combat
  4421 | D:5      | Reached XP level 7. HP: 45/66 MP: 9/9
  4641 | D:6      | Bought a scroll of teleportation for 45 gold pieces
  4641 | D:6      | Bought a scroll of teleportation for 45 gold pieces
  4840 | D:6      | Mangled by an orc warrior

Illustrated notes

Levels and vault maps discovered:
D:1:      dpeg_arrival_boxes_within_box, layout_loops_ring,
          minmay_misc_feat_doors
D:2:      layout_rooms, hellmonk_ecumenical_altar_heavens_door,
          dk_noncrumbling_2, grunt_decor_arrowhead
D:3:      layout_loops_corners, marbit_many_paths, st_stairs_13
D:4:      layout_loops_corners, cheibrodos_ashenzari_chains,
          makhleb_heckhound_becter, elyvilon_altar_3,
          minmay_temple_entry_statues_pillars
D:5:      layout_basic, fedhas_altar_2
D:6:      layout_rooms, beargit_hepliaklqana_dungeon_heroes, serial_shops,
          nicolae_stop_n_shop_2, uniq_menkaure, uniq_maggie

Skill      XL: |  1  2  3  4  5  6 |
---------------+-------------------+-----
Invocations    | 2 3 4 |  4.1
Unarmed Combat | 3 4 5 6 |  6.5
Fighting       | |  2.4
Dodging        | |  1.9

Action                   |  1- 3 |  4- 6 |  7- 9 || total
-------------------------+-------+-------+-------++-------
Melee: Unarmed           |    92 |   124 |    26 ||   242
       Punch             |     1 |     3 |       ||     4
 Fire: Longbow           |       |       |     4 ||     4
Throw: Stone             |       |    10 |       ||    10
Invok: Banish            |       |       |     1 ||     1
  Use: Scroll            |       |       |     5 ||     5
 Stab: Sleeping          |     1 |     1 |       ||     2
Armor: Robe              |    22 |    34 |     9 ||    65
Dodge: Dodged            |    46 |    58 |    23 ||   127
